APP
MISSOULA OSPREY @ CHICAGO (APP) CUBS
07/18/2044
 
TOP OF THE 1ST
Missoula Osprey batting - Pitching for Chicago (APP) Cubs : RHP Josh MacQueen
Pitching: RHP Josh MacQueen
Batting: RHB Nate Spencer 0-0: Ball
1-0: Ball
2-0: Ball
3-0: Base on Balls
Batting: RHB Paul Schreiber 0-0: Ball
1-0: Swinging Strike
1-1: Swinging Strike
1-2: Ball
2-2: Ball
3-2: Base on Balls
Nate Spencer to second
Batting: SHB Evan Armagost 0-0: Ball
1-0: Ball
2-0: 3-RUN HOME RUN (Flyball, 8RXD, EV 117.5 MPH), Distance : 468 ft
Batting: SHB Blaine Peters 0-0: Called Strike
0-1: Ground out 5-3 (Groundball, 5, EV 105.0 MPH)
Batting: LHB Enrique Ponce 0-0: Called Strike
0-1: Ball
1-1: Foul Ball, location: 2F
1-2: Ball
2-2: Ball
3-2: Strikes out swinging
Batting: RHB Antonio Luisa 0-0: Swinging Strike
0-1: Foul Ball, location: 2F
0-2: Foul Ball, location: 2F
0-2: Ball
1-2: Foul Ball, location: 2F
1-2: SINGLE (Groundball, 6MS, EV 82.5 MPH) (infield hit)
Batting: RHB Ernesto Zamora 0-0: Fielders Choice at 2nd, 6-4 (Groundball, 6, EV 83.1 MPH)
Top of the 1st over - 3 runs, 2 hits, 0 errors, 1 left on base; Missoula 3 - Chicago (APP) 0
BOTTOM OF THE 1ST
Chicago (APP) Cubs batting - Pitching for Missoula Osprey : RHP Adam Maida
Pitching: RHP Adam Maida
Batting: RHB Andy Huntley 0-0: Called Strike
0-1: Ball
1-1: Foul Ball, location: 2F
1-2: Ball
2-2: Fly out, F8 (Flyball, 8RM, EV 90.0 MPH)
Batting: SHB Gabriel Cruz 0-0: Ball
1-0: Called Strike
1-1: Ground out 4-3 (Groundball, 4M, EV 83.8 MPH)
Batting: RHB Tak-keung Chieu 0-0: Called Strike
0-1: Foul Ball, location: 2F
0-2: Ball
1-2: Ball
2-2: DOUBLE (Line Drive, 9LM, EV 101.9 MPH)
Batting: RHB Sam Sours 0-0: Ground out 6-3 (Groundball, 6, EV 78.8 MPH)
Bottom of the 1st over - 0 runs, 1 hit, 0 errors, 1 left on base; Missoula 3 - Chicago (APP) 0
TOP OF THE 2ND
Missoula Osprey batting - Pitching for Chicago (APP) Cubs : RHP Josh MacQueen
Batting: LHB Jeff Harmon 0-0: Ball
1-0: Ball
2-0: Ball
3-0: Base on Balls
Batting: SHB Ed Vargas 0-0: Called Strike
0-1: Foul Ball, location: 2F
0-2: Ball
1-2: Strikes out looking
Batting: RHB Nate Spencer 0-0: Swinging Strike
0-1: SINGLE (Groundball, P, EV 87.5 MPH) (infield hit)
Jeff Harmon to second
Batting: RHB Paul Schreiber 0-0: Ball
1-0: Ball
2-0: Called Strike
2-1: Fly out, F9 (Flyball, 9S, EV 87.5 MPH)
Batting: SHB Evan Armagost 0-0: Ball
1-0: Foul Ball, location: 2F
1-1: Swinging Strike
1-2: Fly out, F7 (Line Drive, 7S, EV 90.0 MPH)
Top of the 2nd over - 0 runs, 1 hit, 0 errors, 2 left on base; Missoula 3 - Chicago (APP) 0
BOTTOM OF THE 2ND
Chicago (APP) Cubs batting - Pitching for Missoula Osprey : RHP Adam Maida
Batting: RHB Leonardo Nava 0-0: Ball
1-0: DOUBLE (Line Drive, 9LD, EV 100.6 MPH)
Batting: RHB Randy Schmitt 0-0: Fly out, F8 (Line Drive, 8RD, EV 98.1 MPH)
Batting: RHB Han-seung Hah 0-0: Fly out, F9 (Flyball, 9LM, EV 84.4 MPH)
Runner from 2nd tags up, SAFE at 3rd, no throw by RF
Batting: RHB Jake Mitchell 0-0: Called Strike
0-1: Called Strike
0-2: Ball
1-2: Strikes out looking
Bottom of the 2nd over - 0 runs, 1 hit, 0 errors, 1 left on base; Missoula 3 - Chicago (APP) 0
TOP OF THE 3RD
Missoula Osprey batting - Pitching for Chicago (APP) Cubs : RHP Josh MacQueen
Batting: SHB Blaine Peters 0-0: Ground out U3 (Groundball, 34, EV 86.2 MPH)
Batting: LHB Enrique Ponce 0-0: Foul Ball, location: 2F
0-1: Swinging Strike
0-2: Ball
1-2: Strikes out swinging
Batting: RHB Antonio Luisa 0-0: Ball
1-0: Ball
2-0: Ball
3-0: Base on Balls
Batting: RHB Ernesto Zamora 0-0: Hit by Pitch
Antonio Luisa to second
Batting: LHB Jeff Harmon 0-0: Foul Ball, location: 2F
0-1: Foul Ball, location: 2F
0-2: Strikes out swinging
Top of the 3rd over - 0 runs, 0 hits, 0 errors, 2 left on base; Missoula 3 - Chicago (APP) 0
BOTTOM OF THE 3RD
Chicago (APP) Cubs batting - Pitching for Missoula Osprey : RHP Adam Maida
Batting: LHB Mark Ingram 0-0: Ball
1-0: Foul Ball, location: 2F
1-1: SINGLE (Groundball, 34D, EV 98.1 MPH)
Batting: RHB Andy Huntley 0-0: Swinging Strike
0-1: Fielders Choice at 2nd, 1-4 (Groundball, 25, EV 62.5 MPH)
Batting: SHB Gabriel Cruz 0-0: Ball
Andy Huntley steals 2nd base
1-0: Foul Ball, location: 2F
1-1: Ball
2-1: Ground out 6-3 (Groundball, 6, EV 83.1 MPH)
Andy Huntley to third
Batting: RHB Tak-keung Chieu 0-0: Called Strike
0-1: Ground out 1-3 (Groundball, 34S, EV 66.2 MPH)
Bottom of the 3rd over - 0 runs, 1 hit, 0 errors, 1 left on base; Missoula 3 - Chicago (APP) 0
TOP OF THE 4TH
Missoula Osprey batting - Pitching for Chicago (APP) Cubs : RHP Josh MacQueen
Batting: SHB Ed Vargas 0-0: Ball
1-0: Swinging Strike
1-1: Foul Ball, location: 2F
1-2: Strikes out swinging
Batting: RHB Nate Spencer 0-0: Called Strike
0-1: Ball
1-1: Ball
2-1: Foul Ball, location: 2F
2-2: Foul Ball, location: 2F
2-2: Strikes out looking
Batting: RHB Paul Schreiber 0-0: Ball
1-0: Ball
2-0: Ground out 4-3 (Groundball, 34, EV 105.0 MPH)
Top of the 4th over - 0 runs, 0 hits, 0 errors, 0 left on base; Missoula 3 - Chicago (APP) 0
BOTTOM OF THE 4TH
Chicago (APP) Cubs batting - Pitching for Missoula Osprey : RHP Adam Maida
Batting: RHB Sam Sours 0-0: Ball
1-0: Fly out, F8 (Flyball, 8LXD, EV 107.5 MPH)
Batting: RHB Leonardo Nava 0-0: Called Strike
0-1: Ball
1-1: Foul Ball, location: 2F
1-2: Foul Ball, location: 2F
1-2: Foul Ball, location: 2F
1-2: Foul Ball, location: 2F
1-2: Ground out U3 (Groundball, 3, EV 90.0 MPH)
Batting: RHB Randy Schmitt 0-0: Ball
1-0: Swinging Strike
1-1: Swinging Strike
1-2: Strikes out swinging
Bottom of the 4th over - 0 runs, 0 hits, 0 errors, 0 left on base; Missoula 3 - Chicago (APP) 0
TOP OF THE 5TH
Missoula Osprey batting - Pitching for Chicago (APP) Cubs : RHP Josh MacQueen
Batting: SHB Evan Armagost 0-0: Called Strike
0-1: Fly out, F8 (Flyball, 8LXD, EV 100.0 MPH)
Batting: SHB Blaine Peters 0-0: Called Strike
0-1: Called Strike
0-2: Ball
1-2: Ball
2-2: Ground out 4-3 (Groundball, 34, EV 86.2 MPH)
Batting: LHB Enrique Ponce 0-0: Foul Ball, location: 2F
0-1: Ball
1-1: Ball
2-1: Called Strike
2-2: Foul Ball, location: 2F
2-2: Foul Ball, location: 2F
2-2: Foul Ball, location: 2F
2-2: Ground out 1-3 (Groundball, 13S, EV 65.6 MPH)
Top of the 5th over - 0 runs, 0 hits, 0 errors, 0 left on base; Missoula 3 - Chicago (APP) 0
BOTTOM OF THE 5TH
Chicago (APP) Cubs batting - Pitching for Missoula Osprey : RHP Adam Maida
Batting: RHB Han-seung Hah 0-0: Ball
1-0: Called Strike
1-1: Foul Ball, location: 2F
1-2: Strikes out swinging
Batting: RHB Jake Mitchell 0-0: Swinging Strike
0-1: Foul Ball, location: 2F
0-2: Ball
1-2: Ball
2-2: Ball
3-2: Ground out 6-3 (Groundball, 6, EV 80.0 MPH)
Batting: LHB Mark Ingram 0-0: Called Strike
0-1: Ground out 4-3 (Groundball, 4S, EV 87.5 MPH)
Bottom of the 5th over - 0 runs, 0 hits, 0 errors, 0 left on base; Missoula 3 - Chicago (APP) 0
TOP OF THE 6TH
Missoula Osprey batting - Pitching for Chicago (APP) Cubs : RHP Josh MacQueen
Pitching: LHP Eddie Panagos
Batting: RHB Antonio Luisa 0-0: Ball
1-0: Swinging Strike
1-1: Ball
2-1: Ball
3-1: Called Strike
3-2: SINGLE (Groundball, 56D, EV 96.2 MPH)
Batting: RHB Ernesto Zamora 0-0: Ball
1-0: Foul Ball, location: 2F
1-1: Ball
2-1: Ball
3-1: Fly out, F4 (Popup, 4M, EV 67.5 MPH)
Batting: LHB Jeff Harmon 0-0: Called Strike
0-1: Called Strike
0-2: Ball
1-2: Grounds into double play, 3-6-3 (Groundball, 34, EV 80.6 MPH)
Top of the 6th over - 0 runs, 1 hit, 0 errors, 0 left on base; Missoula 3 - Chicago (APP) 0
BOTTOM OF THE 6TH
Chicago (APP) Cubs batting - Pitching for Missoula Osprey : RHP Adam Maida
Batting: RHB Andy Huntley 0-0: Swinging Strike
0-1: Ball
1-1: Ball
2-1: Called Strike
2-2: Strikes out swinging
Batting: SHB Gabriel Cruz 0-0: Ball
1-0: SOLO HOME RUN (Flyball, 9LD, EV 95.6 MPH), Distance : 360 ft
Batting: RHB Tak-keung Chieu 0-0: Ball
1-0: Ball
2-0: SINGLE (Line Drive, 9LS, EV 105.0 MPH)
Batting: RHB Sam Sours 0-0: Ball
Passed Ball!
Tak-keung Chieu to second
1-0: Swinging Strike
1-1: Foul Ball, location: 2F
1-2: Strikes out swinging
Batting: RHB Leonardo Nava 0-0: Ball
1-0: Called Strike
1-1: Ball
2-1: Called Strike
2-2: Ground out 5-3 (Groundball, 56, EV 76.2 MPH)
Bottom of the 6th over - 1 run, 2 hits, 0 errors, 1 left on base; Missoula 3 - Chicago (APP) 1
TOP OF THE 7TH
Missoula Osprey batting - Pitching for Chicago (APP) Cubs : LHP Eddie Panagos
Pitching: RHP Carlos Zavala
Batting: SHB Ed Vargas 0-0: Called Strike
0-1: Ball
1-1: Foul Ball, location: 2F
1-2: Ball
2-2: Ground out 4-3 (Groundball, 4, EV 80.6 MPH)
Batting: RHB Nate Spencer 0-0: SINGLE (Groundball, 4M, EV 98.1 MPH) (infield hit)
Batting: RHB Paul Schreiber 0-0: Ball
Nate Spencer steals 2nd base
1-0: Called Strike
1-1: Ball
2-1: Ball
3-1: Base on Balls
Batting: SHB Evan Armagost 0-0: Ball
1-0: Ball
2-0: Ball
3-0: Called Strike
3-1: Base on Balls
Nate Spencer to third
Paul Schreiber to second
Batting: SHB Blaine Peters 0-0: Foul Ball, location: 2F
0-1: SINGLE (Groundball, 4, EV 110.6 MPH) (infield hit)
Nate Spencer scores
Paul Schreiber to third
Evan Armagost to second
Batting: LHB Enrique Ponce 0-0: Ball
1-0: Ball
2-0: Grounds into fielders choice 4-2 (Groundball, 4, EV 90.0 MPH)
Evan Armagost to third
Blaine Peters to second
Batting: RHB Antonio Luisa 0-0: Called Strike
0-1: Hit by Pitch
Evan Armagost scores
Blaine Peters to third
Enrique Ponce to second
Batting: RHB Ernesto Zamora 0-0: Ball
1-0: Called Strike
1-1: Foul Ball, location: 2F
1-2: Ball
2-2: Foul Ball, location: 2F
2-2: Ball
3-2: SINGLE (Flyball, 3D, EV 95.6 MPH)
Blaine Peters scores
Enrique Ponce to third
Antonio Luisa to second
Enrique Ponce scores
Antonio Luisa to third
Pitching: RHP Julio Arteaga
Batting: LHB Jeff Harmon 0-0: Hit by Pitch
Ernesto Zamora to second
Batting: SHB Ed Vargas 0-0: Ball
1-0: Called Strike
1-1: Swinging Strike
1-2: Ball
2-2: Foul Ball, location: 2F
2-2: Strikes out swinging
Top of the 7th over - 4 runs, 3 hits, 0 errors, 3 left on base; Missoula 7 - Chicago (APP) 1
BOTTOM OF THE 7TH
Chicago (APP) Cubs batting - Pitching for Missoula Osprey : RHP Adam Maida
Batting: RHB Randy Schmitt 0-0: Foul Ball, location: 2F
0-1: Called Strike
0-2: Ball
1-2: Strikes out swinging
Batting: RHB Han-seung Hah 0-0: Ball
1-0: Foul Ball, location: 2F
1-1: Called Strike
1-2: Foul Ball, location: 2F
1-2: SOLO HOME RUN (Flyball, 7LD, EV 93.8 MPH), Distance : 366 ft
Batting: RHB Jake Mitchell 0-0: Ball
1-0: Called Strike
1-1: Foul Ball, location: 2F
1-2: Strikes out swinging
Batting: LHB Mark Ingram 0-0: Called Strike
0-1: Ball
1-1: Foul Ball, location: 2F
1-2: Fly out, F7 (Flyball, 78D, EV 75.6 MPH)
Bottom of the 7th over - 1 run, 1 hit, 0 errors, 0 left on base; Missoula 7 - Chicago (APP) 2
TOP OF THE 8TH
Missoula Osprey batting - Pitching for Chicago (APP) Cubs : RHP Julio Arteaga
Batting: RHB Nate Spencer 0-0: Foul Ball, location: 2F
0-1: SINGLE (Groundball, 56, EV 105.6 MPH)
Batting: RHB Paul Schreiber Pickoff Throw to First - Error! E1
Nate Spencer to second
0-0: Foul Ball, location: 2F
0-1: SINGLE (Line Drive, 9S, EV 94.4 MPH)
Nate Spencer to third
Batting: SHB Evan Armagost 0-0: Called Strike
0-1: Ball
1-1: Ball
2-1: Foul Ball, location: 2F
2-2: Strikes out looking
Batting: SHB Blaine Peters 0-0: Ball
1-0: Called Strike
1-1: Ball
Paul Schreiber is caught stealing 2nd base 2-6
2-1: Ball
3-1: Foul Ball, location: 2F
3-2: SINGLE (Groundball, 34D, EV 105.6 MPH)
Nate Spencer scores
Batting: LHB Enrique Ponce 0-0: Called Strike
Blaine Peters steals 2nd base
0-1: Foul Ball, location: 2F
0-2: Ground out 4-3 (Groundball, 4S, EV 68.1 MPH)
Top of the 8th over - 1 run, 3 hits, 1 error, 1 left on base; Missoula 8 - Chicago (APP) 2
BOTTOM OF THE 8TH
Chicago (APP) Cubs batting - Pitching for Missoula Osprey : RHP Adam Maida
Pitching: RHP John Petersen
Batting: RHB Andy Huntley 0-0: Ball
1-0: Ball
2-0: Ball
3-0: Base on Balls
Batting: SHB Gabriel Cruz 0-0: Ball
1-0: Ball
2-0: Called Strike
2-1: Foul Ball, location: 2F
2-2: Strikes out swinging
Batting: RHB Tak-keung Chieu 0-0: Called Strike
0-1: Foul Ball, location: 2F
Balk!
Andy Huntley to second
0-2: Ball
1-2: Strikes out looking
Batting: RHB Sam Sours 0-0: Ball
1-0: Foul Ball, location: 2F
1-1: Foul Ball, location: 2F
1-2: Ball
2-2: Foul Ball, location: 2F
2-2: Ground out 5-3 (Groundball, 56, EV 85.0 MPH)
Bottom of the 8th over - 0 runs, 0 hits, 0 errors, 1 left on base; Missoula 8 - Chicago (APP) 2
TOP OF THE 9TH
Missoula Osprey batting - Pitching for Chicago (APP) Cubs : RHP Julio Arteaga
Pitching: RHP Karl Stuart
Batting: RHB Antonio Luisa 0-0: Ball
1-0: Ball
2-0: SINGLE (Flyball, 89M, EV 100.0 MPH)
Batting: RHB Ernesto Zamora 0-0: Ball
1-0: Called Strike
1-1: Swinging Strike
1-2: Foul Ball, location: 2F
1-2: Fly out, F6 (Popup, 6M, EV 78.8 MPH)
Batting: LHB Jeff Harmon 0-0: Ball
1-0: Ball
2-0: Foul Ball, location: 2F
2-1: Called Strike
2-2: Strikes out looking
Batting: SHB Ed Vargas 0-0: Swinging Strike
0-1: Foul Ball, location: 2F
0-2: Strikes out looking
Top of the 9th over - 0 runs, 1 hit, 0 errors, 1 left on base; Missoula 8 - Chicago (APP) 2
BOTTOM OF THE 9TH
Chicago (APP) Cubs batting - Pitching for Missoula Osprey : RHP John Petersen
Batting: RHB Leonardo Nava 0-0: Ball
1-0: Ball
2-0: Ball
3-0: Called Strike
3-1: Base on Balls
Batting: RHB Randy Schmitt 0-0: Called Strike
0-1: Grounds into double play, 2-6-3 (Groundball, 2R, EV 71.9 MPH)
Batting: RHB Han-seung Hah 0-0: Ball
1-0: Ball
2-0: Ball
3-0: Called Strike
3-1: Base on Balls
Batting: RHB Jake Mitchell 0-0: Foul Ball, location: 2F
0-1: Ball
1-1: SINGLE (Line Drive, 34D, EV 101.2 MPH)
Han-seung Hah to second
Batting: LHB Mark Ingram 0-0: Called Strike
0-1: Ball
Wild Pitch!
Han-seung Hah to third
Jake Mitchell to second
1-1: DOUBLE (Line Drive, 7LS, EV 104.4 MPH)
Han-seung Hah scores
Jake Mitchell scores
Pitching: RHP Tom Alatas
Batting: RHB Andy Huntley 0-0: Ball
1-0: Foul Ball, location: 2F
1-1: DOUBLE (Line Drive, 7LM, EV 115.0 MPH)
Mark Ingram scores
Batting: SHB Gabriel Cruz 0-0: Ball
1-0: SINGLE (Groundball, 6S, EV 73.1 MPH) (infield hit)
Andy Huntley to third
Batting: RHB Tak-keung Chieu 0-0: Called Strike
0-1: Ground out 4-3 (Groundball, 4, EV 79.4 MPH)
Bottom of the 9th over - 3 runs, 4 hits, 0 errors, 2 left on base; Missoula 8 - Chicago (APP) 5
Thursday, March 31st , 2022 - OOTP Baseball 22.12 Build 89